 Dungeon Crawl Stone Soup version 0.26-a0-690-gcb57259078 (webtiles) character file.

Game seed: 4111140789785126170

12 Frask the Skirmisher (level 2, 0/24 HPs)
             Began as a Demonspawn Fighter on Oct 24, 2020.
             Slain by a leopard gecko (3 damage)
             ... on level 1 of the Dungeon.
             The game lasted 00:01:43 (155 turns).

Frask the Skirmisher (Demonspawn Fighter)            Turns: 155, Time: 00:01:43

Health: 0/24       AC:  6    Str: 16    XL:     2   Next: 20%
Magic:  2/2        EV:  6    Int:  9    God:
Gold:   22         SH:  8    Dex: 12    Spells: 1/1 levels left

rFire    . . .     SeeInvis .   a - +0 long sword
rCold    . . .     Faith    .   c - +0 kite shield
rNeg     . . .     Spirit   .   b - +0 scale mail
rPois    .         Reflect  .   (no helmet)
rElec    .         Harm     .   (no cloak)
rCorr    .         Rampage  .   (no gloves)
MR       .....                  (no boots)
Stlth    ..........             (no amulet)
HPRegen  0.08/turn              (no ring)
MPRegen  0.08/turn              (no ring)

@: no status effects
A: hooves 1
a: no special abilities


You were on level 1 of the Dungeon.
You visited 1 branch of the dungeon, and saw 1 of its levels.

You collected 22 gold pieces.

Inventory:

Hand Weapons
 a - a +0 long sword (weapon)
Missiles
 e - 6 poisoned darts (quivered)
Armour
 b - a +0 scale mail (worn)
 c - a +0 kite shield (worn)
Potions
 d - a potion of might


   Skills:
 - Level 3.0 Fighting
 * Level 2.1 Long Blades
 + Level 2.9 Armour
 - Level 3.0 Shields


You had one spell level left.
You didn't know any spells.
Your spell library was empty.

Dungeon Overview and Level Annotations

Branches:
Dungeon (1/15)

Altars:


Innate Abilities, Weirdness & Mutations

You have large cloven feet.


Message History

The jackal bites you but does no damage. x2
You barely miss the jackal. You kick the jackal.
The jackal is moderately wounded.
The jackal bites you.
* * * LOW HITPOINT WARNING * * *
You hit the jackal. Your kick misses the jackal.
The jackal is almost dead.
You block the jackal's attack. The jackal bites you.
* * * LOW HITPOINT WARNING * * *
You closely miss the jackal. Your kick misses the jackal.
The jackal is almost dead.
The jackal barely misses you.
You riposte.
You hit the jackal.
You kill the jackal!
Your Shields skill increases to level 3!
The leopard gecko bites you.
* * * LOW HITPOINT WARNING * * *
You closely miss the leopard gecko. You kick the leopard gecko.
The leopard gecko is almost dead.
You block the leopard gecko's attack. The leopard gecko bites you.
You die...

.. #. #. #. ## ##.### #..
#.... #.# #..# ### ##..###
#@# ... .#.....# ##l# ....
.......####hh# ..... ###
#.....#...########+#.....
#... #.....<.##.............
...##
#.#.....##.............
#...####...##....h....)....#
#.......#####.(#######!..##
#......## ##..# .......


You could see a leopard gecko and 2 jackals.

Vanquished Creatures
  A leopard gecko (D:1)
  A bat (D:1)
  A goblin (D:1)
  2 hobgoblins (D:1)
  2 jackals (D:1)
  2 frilled lizards (D:1)
  A rat (D:1)
10 creatures vanquished.

Notes
Turn   | Place    | Note
-------+----------+-------------------------------------------
     0 | D:1      | Frask the Demonspawn Fighter began the quest for the Orb.
     0 | D:1      | Reached XP level 1. HP: 18/18 MP: 1/1
   129 | D:1      | Gained mutation: You have large cloven feet. [demonic
                  | ancestry]
   129 | D:1      | Reached XP level 2. HP: 16/24 MP: 2/2
   155 | D:1      | Slain by a leopard gecko

Illustrated notes

Levels and vault maps discovered:
D:1:      dpeg_arrival_arbitrary_b, layout_basic, minmay_pentomino_r2

Skill      XL: |  1  2 |
---------------+-------+-----
Long Blades    | 2 |  2.1
Shields        | 3 |  3.0
Fighting       | |  3.0
Armour         | |  2.9

Action                   || total
-------------------------++-------
Melee: Long sword        ||    38
       Kick              ||     3
Armor: Scale mail        ||    30
Dodge: Dodged            ||    11
Block: Kite shield       ||    34
       Rpst.: Long sword ||     9

Table legend: (Time is in decaauts)
 A = Elapsed time spent in this place.
 B = Non-inter-level travel time spent in this place.
 C = Inter-level travel time spent in this place.
 D = Time resting spent in this place.
 E = Time spent auto-exploring this place.
 F = Levels seen in this place.
 G = Mean time per level.
                   A        B        C        D        E       F      G
               +--------+--------+--------+--------+--------+-----+--------+
         Total |    168 |    168 |      0 |      0 |     62 |   1 |  168.0 |
       Dungeon |    168 |    168 |      0 |      0 |     62 |   1 |  168.0 |
               +--------+--------+--------+--------+--------+-----+--------+

Top non-repeatable levels by time:
     D:1: 168 daAuts
